 Dungeon Crawl Stone Soup version 0.30-a0-777-ga9a30cbeda (webtiles) character file.

Game seed: 4772459307578020050

181 Ceno the Grave Robber (level 5, -2/22 (28) HPs)
             Began as a Deep Elf Necromancer on Feb 15, 2023.
             Slain by a necrophage (5 damage)
             ... on level 4 of the Dungeon.
             The game lasted 00:12:47 (2933 turns).

Ceno the Grave Robber (Deep Elf Necromancer)        Turns: 2933, Time: 00:12:48

HP:   -2/22 (28)    AC:  2    Str:  5    XL:     5   Next: 34%
MP:   13/13         EV: 12    Int: 22    God:
Gold: 211           SH:  0    Dex: 15    Spells: 5/13 levels left

rFire   . . .      SeeInvis .    a - +0 sling
rCold   . . .      Faith    .    (no shield)
rNeg    . . .      Spirit   .    k - +0 robe
rPois   .          Reflect  .    (no helmet)
rElec   .          Harm     .    (no cloak)
rCorr   .          Rampage  .    (no gloves)
Will    .....                    (no boots)
Stlth   ++                       (no amulet)
HPRegen 0.23/turn                (no ring)
MPRegen 0.13/turn                (no ring)

@: heavily drained
A: no striking features
a: no special abilities


You were on level 4 of the Dungeon.
You visited 1 branch of the dungeon, and saw 4 of its levels.

You collected 211 gold pieces.

Inventory:

Hand Weapons
 a - a +0 sling (weapon)
 b - a +0 short sword of venom
Missiles
 i - 19 stones
Armour
 f - a +0 buckler
 k - a +0 robe (worn)
Jewellery
 d - a ring of ice
 m - a ring of protection from fire
 s - a +6 ring of intelligence
Scrolls
 g - a scroll of identify {unknown}
 j - a scroll of fog {unknown}
 n - a scroll of silence {unknown}
 q - a scroll of torment {unknown}
 r - a scroll of noise {unknown}
 t - 2 scrolls of teleportation {unknown}
Potions
 c - a potion of curing
 e - a potion of degeneration {unknown}
 h - a potion of flight {unknown}
 l - a potion of ambrosia {unknown}
 o - 2 potions of magic
 p - 2 potions of resistance {unknown}


   Skills:
 + Level 2.5 Ranged Weapons
 - Level 2.4 Dodging
 - Level 3.0 Stealth
 + Level 4.5 Spellcasting
 * Level 6.7 Necromancy


You had 5 spell levels left.
You knew the following spells:

 Your Spells              Type           Power      Damage    Failure   Level
a - Necrotise             Necr           100%       1d9       1%          1
b - Vampiric Draining     Necr           34%        2d8       1%          3
c - Animate Dead          Necr           34%        N/A       7%          4

Your spell library contained the following spells:

 Spells                   Type           Power      Damage    Failure   Level
 Agony                    Necr           34%        N/A       19%         5
 Ignite Poison            Fire/Tmut/Pois 4%         N/A       32%         3
 Kindle Blastsparks       Fire/Tloc/Air  8%         2d10      32%         3
 Freezing Cloud           Conj/Ice/Air   2%         6-21      96%         5
 Yara's Violent Unravell  Hex/Tmut       2%         3d3       96%         5
 Enfeeble                 Hex            2%         N/A       100%        7


Dungeon Overview and Level Annotations

Branches:
Dungeon (4/15)
 Temple: D:4-7

Altars:

Annotations:
D:3 exclusions: 2 orcs and orc priest


Message History

There is a stone staircase leading down here.
You start resting.
HP restored.
There is a stone staircase leading down here.
You climb downwards.
Level annotation: exclusions: necrophage and 2 wights
There is a stone staircase leading up here.
Found a falchion.
You shoot a sling bullet.
The sling bullet hits the necrophage but does no damage.
You shoot a sling bullet. The sling bullet hits the necrophage.
The necrophage is lightly damaged.
You shoot a sling bullet. The sling bullet hits the necrophage.
The necrophage is moderately damaged.
You shoot a sling bullet.
The sling bullet hits the necrophage but does no damage.
The necrophage is moderately damaged.
The necrophage hits you but does no damage.
The necrophage hits you.
You shoot a sling bullet. The sling bullet hits the necrophage.
The necrophage is moderately damaged.
The necrophage barely misses you.
You shoot a sling bullet.
The sling bullet closely misses the necrophage.
The necrophage completely misses you.
You shoot a sling bullet.
The sling bullet barely misses the necrophage.
The necrophage hits you.
You feel drained. The necrophage hits you.
You feel drained.
You shoot a sling bullet.
The sling bullet barely misses the necrophage.
The necrophage hits you.
You feel drained.
The necrophage attacks as you move away!
The necrophage hits you.
* * * LOW HITPOINT WARNING * * *
You feel drained.
* * * LOW HITPOINT WARNING * * *
The necrophage attacks as you move away!
The necrophage hits you.
You die...

###.. ........#
#....#####........#
#............###..##
#..#...#...........
###..#.......# #.##.#
.....#.#.#...###.##.#
.....#............#.####.#
#
#..#..#..#.....n.).......
#......).#####@##........
. ###.#####.##.#
#.#######.#.#.#..# ....#
#.##.###.####### #.#.....
###.# #...............
.... . #.#
###.<###.####### .#....#
#.# #..# #.# ...#..# #.#
#..# #.# ......# #.#
#..###.# ....... #.#
#....... .......


You could see a necrophage.

Vanquished Creatures
  A phantom (D:4)
  3 adders
  2 worms
  3 dart slugs (D:3)
  2 orcs (D:4)
  7 ball pythons
  3 endoplasms
  4 giant cockroaches
  7 goblins
  3 hobgoblins
  8 kobolds
  2 quokkas (D:1)
  A bat (D:2)
  7 frilled lizards (D:2)
  6 rats
59 creatures vanquished.

Vanquished Creatures (collateral kills)
  An endoplasm (D:2)
  A kobold (D:1)
  A ball python (D:2)
  A bat (D:1)
  2 frilled lizards (D:2)
  A rat (D:2)
7 creatures vanquished.

Vanquished Creatures (others)
  An adder zombie (D:4)
1 creature vanquished.

Grand Total: 67 creatures vanquished

Notes
Turn   | Place    | Note
-------+----------+-------------------------------------------
     0 | D:1      | Ceno the Deep Elf Necromancer began the quest for the Orb.
     0 | D:1      | Reached XP level 1. HP: 10/10 MP: 6/6
   311 | D:1      | Reached skill level 5 in Necromancy
   373 | D:1      | Reached XP level 2. HP: 15/15 MP: 4/8
   852 | D:2      | Reached XP level 3. HP: 19/19 MP: 10/10
  1232 | D:2      | Learned a level 3 spell: Vampiric Draining
  1936 | D:3      | Identified the +1 war axe "Jotakhlyu" {antimagic, rF+ rN++
                  | Str-5 Dex+4}
  1971 | D:3      | Reached skill level 1 in Ranged Weapons
  2160 | D:3      | Reached skill level 6 in Necromancy
  2160 | D:3      | Reached XP level 4. HP: 24/24 MP: 8/11
  2165 | D:3      | Learned a level 4 spell: Animate Dead
  2388 | D:4      | Noticed a necrophage
  2748 | D:4      | Noticed a phantom
  2776 | D:4      | Killed a phantom
  2777 | D:4      | Reached XP level 5. HP: 4/28 MP: 13/13
  2933 | D:4      | Slain by a necrophage

Illustrated notes

Levels and vault maps discovered:
D:1:      roderic_crossed_star, layout_loops_ring
D:2:      layout_loops_corners, minmay_lizard_pond
D:3:      layout_basic
D:4:      layout_basic, serial_shops, shop, hangedman_decor_lopped,
          kennysheep_generic_room_9

Skill      XL: |  1  2  3  4 |
---------------+-------------+-----
Stealth        | 3 |  3.0
Necromancy     | 5 6 |  6.7
Ranged Weapons | 1 2 |  2.5
Spellcasting   | 4 |  4.5
Dodging        | |  2.4

Action                     |  1- 3 |  4- 6 || total
---------------------------+-------+-------++-------
  Melee: Dagger            |    11 |       ||    11
         Short sword       |    11 |       ||    11
         Punch             |     1 |       ||     1
   Fire: Sling             |    38 |    61 ||    99
   Cast: Necrotise         |    39 |    12 ||    51
         Animate Dead      |       |     1 ||     1
    Use: Potion            |       |     1 ||     1
   Stab: Sleeping          |     1 |       ||     1
 Armour: Robe              |     3 |    10 ||    13
  Dodge: Dodged            |    22 |    28 ||    50

Table legend: (Time is in decaauts)
 A = Elapsed time spent in this place.
 B = Non-inter-level travel time spent in this place.
 C = Inter-level travel time spent in this place.
 D = Time resting spent in this place.
 E = Time spent auto-exploring this place.
 F = Levels seen in this place.
 G = Mean time per level.
                   A        B        C        D        E       F      G
               +--------+--------+--------+--------+--------+-----+--------+
         Total |   2960 |   2835 |    125 |    126 |   1590 |   4 |  740.0 |
       Dungeon |   2960 |   2835 |    125 |    126 |   1590 |   4 |  740.0 |
               +--------+--------+--------+--------+--------+-----+--------+

Top non-repeatable levels by time:
     D:2: 965 daAuts
     D:3: 807 daAuts
     D:1: 725 daAuts
     D:4: 462 daAuts
